AoeStats
← Jazzmushroom

Black Forest

506715703Analyzed
1v1 RM · 17d ago on Sep 14, 2026· 26m 30s· 2 players
Game mode
Random Map
Map size
Tiny (2 player)
Population
200
Speed
Normal
Resources
Standard
Victory
Conquest
Starting age
Dark Age
Ending age
Imperial Age
RankedLock teamsTeams togetherTeam positionsShared explorationLock speedFull tech treeHidden civsTurbo modeCheats
Victory
Defeat
🇺🇸 Teutons · United States
1413
+17
🇦🇷 Teutons · Argentina
1442
-17
Jazzmushroom
0:47 Loom
15:29 Feudal Age
17:09 Fletching
17:09 Double-Bit Axe
17:44 Horse Collar
25:56 Castle Age
23:53 Stone Mining
24:04 Gold Mining
26:09 Scale Barding Armor
Lord_calderon
0:41 Loom
17:17 Feudal Age
19:32 Double-Bit Axe
21:21 Fletching
25:20 Horse Collar
Connection lost

Rejoining the realm…

Still unreachable

The connection could not be restored.

Session expired

The server has moved on; the page needs a fresh start.